AoeStats
← Erfi

Arabia

505519987Analyzed
2v2 RM · 22d ago on Sep 9, 2026· 25m 49s· 4 players
Game mode
Random Map
Map size
Medium (4 player)
Population
200
Speed
Normal
Resources
Standard
Victory
Conquest
Starting age
Dark Age
Ending age
Imperial Age
RankedLock teamsTeams togetherTeam positionsShared explorationLock speedFull tech treeHidden civsTurbo modeCheats
Victory
Defeat
🇺🇸 Vietnamese · United States
742
+13
🇺🇸 Khmer · United States
630
+18
🇩🇪 Goths · Germany
700
-17
🇵🇦 Aztecs · Panama
650
-14
Elcaifascefas
3:50 Loom
11:40 Feudal Age
22:30 Castle Age
20:47 Fletching
21:46 Padded Archer Armor
23:07 Pikeman
23:47 Squires
23:58 Scale Mail Armor
Erfi
5:35 Loom
11:54 Feudal Age
12:24 Horse Collar
12:32 Double-Bit Axe
DailySteak05620
10:24 Feudal Age
10:45 Horse Collar
10:56 Double-Bit Axe
13:07 Gold Mining
15:17 Stone Mining
16:37 Loom
20:00 Castle Age
21:17 Forging
21:10 Padded Archer Armor
21:01 Fletching
21:44 Bloodlines
FatalDreamz7
6:24 Loom
9:53 Feudal Age
10:44 Double-Bit Axe
14:34 Fletching
14:44 Padded Archer Armor
14:59 Horse Collar
23:04 Castle Age
22:53 Gold Mining
23:19 Crossbowman
25:06 Bodkin Arrow
Connection lost

Rejoining the realm…

Still unreachable

The connection could not be restored.

Session expired

The server has moved on; the page needs a fresh start.